Map: Gresvan LE

Players

Zargon - Winner!

  • Race: Protoss Protoss
  • League: Gold
  • Spawn Location: 11:00

DragonKing

  • Race: Terran Terran
  • League: Gold
  • Spawn Location: 5:00

VOD

Have the link to the VOD?

Description

Time

  • Played on: March 16, 2023, 7:40 a.m.
  • Length: 13:24
Show
View Real Time Build Order
Export as new Build Order

Zargon Protoss - Winner!

Build Orders: Blink Stalkers 

Get SALT Encoding   

  12  0:01  Probe  
  13  0:13  Probe  
  14  0:19  Pylon  
  14  0:25  Probe  
  15  0:38  Probe (Chrono Boost)  
  15  0:39  Gateway  
  17  0:50  Probe (Chrono Boost)  
  17  0:53  Assimilator  
  17  0:57  Probe (Chrono Boost)  
  18  1:04  Probe  
  18  1:06  Pylon  
  19  1:16  Probe  
  20  1:28  Probe  
  21  1:33  Cybernetics Core  
  21  1:40  Probe  
  21  1:43  Assimilator  
  22  1:52  Probe  
  23  2:04  Probe  
  24  2:09  Nexus  
  24  2:12  Pylon  
  24  2:19  Stalker  
  26  2:29  Gateway  
  26  2:30  Warp Gate (Chrono Boost)  
  26  2:39  Probe  
  27  2:51  Probe, Shield Battery  
  28  2:58  Stalker  
  28  3:03  Probe  
  31  3:10  Twilight Council  
  31  3:15  Probe  
  32  3:22  Robotics Facility  
  32  3:24  Probe  
  33  3:28  Probe  
  34  3:47  Probe  
  35  3:50  Blink (Chrono Boost)  
  35  3:55  Pylon  
  35  3:58  Stalker x2  
  35  3:59  Probe  
  40  4:11  Probe, Gateway  
  40  4:14  Gateway  
  41  4:17  Pylon  
  41  4:21  Observer (Chrono Boost)  
  42  4:35  Warp Prism (Chrono Boost)  
  42  4:38  Assimilator  
  44  4:39  Pylon  
  44  4:40  Probe  
  45  4:46  Forge  
  45  4:49  Probe  
  45  4:52  Probe  
  47  5:01  Stalker x2, Probe  
  47  5:04  Probe  
  53  5:15  Stalker x2  
  53  5:17  Probe  
  58  5:22  Immortal (Chrono Boost)  
  58  5:54  Stalker  
  58  5:55  Stalker x3  
  66  6:05  Charge (Chrono Boost)  
  66  6:09  Nexus  
  66  6:13  Forge  
  66  6:22  Stargate  
  66  6:29  Assimilator  
  66  6:30  Photon Cannon  
  66  6:35  Observer  
  66  6:38  Zealot x2  
  66  6:39  Zealot x2  
  75  6:44  Protoss Ground Weapons Level 1 (Chrono Boost)  
  75  6:59  Photon Cannon  
  75  7:01  Photon Cannon  
  75  7:02  Photon Cannon  
  75  7:05  Pylon  
  75  7:21  Immortal  
  79  7:25  Zealot x3  
  79  7:26  Zealot  
  81  8:19  Probe  
  82  8:26  Stargate  
  86  8:30  Protoss Ground Armor Level 1  
  86  8:31  Probe  
  86  8:32  Void Ray  
  87  8:36  Photon Cannon  
  87  8:43  Probe  
  87  8:44  Shield Battery  
  87  8:46  Shield Battery  
  88  8:49  Photon Cannon  
  88  8:51  Pylon  
  88  8:55  Probe  
  89  8:58  Pylon  
  89  9:07  Assimilator, Probe  
  91  9:13  Zealot  
  91  9:14  Zealot x2  
  91  9:15  Void Ray, Zealot  
  56  9:49  Zealot  
  56  9:50  Zealot x3  
  64  9:55  Immortal  
  64  9:58  Protoss Ground Weapons Level 2  
  68  10:02  Probe  
  68  10:05  Resonating Glaives  
  69  10:12  Zealot  
  69  10:13  Zealot x2  
  69  10:14  Zealot, Probe  
  78  10:21  Protoss Air Weapons Level 1  
  78  10:22  Assimilator  
  78  10:26  Probe  
  79  10:33  Probe  
  79  10:34  Immortal  
  83  10:38  Probe  
  80  10:44  Zealot x3  
  80  10:45  Zealot, Probe  
  87  10:50  Probe  
  82  10:57  Probe  
  83  11:06  Zealot  
  83  11:07  Zealot x2  
  83  11:08  Zealot  
  91  11:28  Nexus  
  91  11:37  Zealot x2  
  91  11:38  Zealot x2  
  103  11:47  Void Ray  
  103  11:53  Void Ray  
  101  12:25  Zealot  
  101  12:26  Zealot x3  
  86  12:58  Zealot  
  86  12:59  Zealot x3  
Show
View Real Time Build Order
Export as new Build Order

DragonKing Terran 

Build Orders:  

Get SALT Encoding   

  12  0:00  SCV  
  13  0:12  SCV  
  14  0:18  Supply Depot  
  14  0:24  SCV  
  15  0:31  Supply Depot  
  15  0:40  SCV  
  16  0:47  Barracks  
  16  0:52  SCV  
  17  1:00  Refinery  
  18  1:04  SCV  
  18  1:15  Barracks  
  18  1:18  SCV  
  20  1:36  Orbital Command  
  19  1:48  Barracks Tech Lab  
  19  2:10  SCV  
  19  2:13  Command Center  
  19  2:14  Marine  
  21  2:16  Reaper  
  21  2:22  SCV  
  23  2:38  SCV, Refinery  
  23  2:40  Reaper  
  25  2:48  Marine  
  25  2:50  SCV  
  27  2:54  Supply Depot  
  27  3:02  SCV  
  28  3:10  Marine  
  29  3:14  SCV  
  29  3:19  Factory  
  30  3:26  Marine  
  31  3:28  Marine  
  32  3:43  Marine  
  32  3:45  Marine  
  32  3:46  Orbital Command  
  34  3:53  Barracks  
  34  3:57  SCV  
  34  4:01  Stimpack, Marine  
  36  4:03  Marine  
  36  4:04  Widow Mine  
  36  4:09  SCV  
  40  4:11  Starport  
  40  4:12  SCV  
  41  4:19  Marine  
  41  4:21  Marine  
  43  4:24  SCV  
  43  4:25  Widow Mine  
  43  4:30  SCV  
  47  4:36  SCV  
  47  4:37  Marine  
  49  4:39  Marine  
  49  4:41  Engineering Bay  
  49  4:43  Barracks Reactor  
  49  4:44  Factory  
  50  4:48  SCV  
  50  4:50  Supply Depot  
  51  4:55  Marine  
  51  4:59  Bunker  
  52  5:00  SCV  
  52  5:01  Factory Tech Lab  
  52  5:04  Starport Reactor  
  53  5:13  Supply Depot  
  53  5:14  Refinery  
  52  5:23  SCV  
  52  5:26  Siege Tank  
  52  5:27  Barracks Reactor  
  56  5:35  SCV  
  56  5:37  Supply Depot  
  53  5:48  SCV  
  51  5:57  Marine  
  51  5:58  Marine, Marauder  
  51  6:00  SCV, Concussive Shells  
  51  6:01  Factory Tech Lab  
  56  6:08  Refinery  
  56  6:12  SCV  
  56  6:13  Widow Mine  
  56  6:14  Marine  
  56  6:16  Marine  
  61  6:19  Marauder  
  61  6:24  SCV  
  64  6:30  Command Center  
  64  6:32  Medivac, Marine  
  66  6:33  Medivac  
  66  6:34  Marine  
  66  6:35  Widow Mine  
  66  6:36  SCV, Supply Depot  
  73  6:40  Marauder  
  73  6:41  Marine  
  73  6:42  Marine  
  77  6:50  Marine  
  78  6:57  Marine  
  78  6:59  SCV, Marine  
  78  7:00  Marine  
  82  7:02  Marauder  
  84  7:11  SCV, Starport  
  84  7:23  Marauder  
  86  7:49  SCV, Medivac x2, Marauder, Supply Depot  
  92  8:01  SCV  
  93  8:11  Marauder  
  95  8:13  SCV, Supply Depot  
  95  8:17  Cyclone x2  
  95  8:19  Medivac  
  104  8:32  Marauder  
  106  8:35  Supply Depot  
  106  8:40  Marine x4  
  110  8:43  Terran Infantry Weapons Level 1  
  110  8:49  Cyclone x2  
  110  8:50  Starport  
  110  8:53  Marauder  
  118  8:58  Marine x4  
  122  9:15  Marauder  
  122  9:16  Marine x3  
  126  9:20  Marine  
  110  9:33  Marine  
  110  9:34  Marine x2  
  110  9:36  Marauder  
  110  9:38  Marine  
  102  9:41  Starport Tech Lab  
  102  9:44  Missile Turret  
  96  9:47  Siege Tank  
  96  9:48  Siege Tank  
  96  9:51  Marine  
  96  9:52  Marine x2  
  101  9:56  Marine  
  101  9:58  Marauder  
  104  10:04  Armory, Missile Turret  
  104  10:09  Marine x2  
  104  10:10  Marine  
  104  10:14  Marine  
  108  10:15  Command Center  
  108  10:19  Marauder  
  108  10:20  Siege Tank x2  
  116  10:25  Missile Turret  
  116  10:27  Marine x3  
  119  10:31  Marine  
  119  10:40  Marauder  
  114  10:44  Missile Turret  
  92  11:02  Marauder  
  89  11:06  Terran Infantry Armor Level 1  
  89  11:09  Terran Vehicle And Ship Armor Level 1  
  89  11:10  Medivac x2  
  93  11:23  Marauder  
  95  11:26  Thor  
  101  11:40  Medivac  
  101  11:45  Marauder  
  105  11:57  Marine  
  105  11:58  Marine x3  
  109  12:06  Viking, Marauder  
  113  12:15  Marine  
  112  12:27  Marauder  
  114  12:36  Viking  
  90  12:49  Marauder  
  72  12:52  Viking x2  
Tags
 
Composition
Blink Stalkers
League
GoldGold
Matchup
PvT
Spawn Locations
Cross Positions
Add a new tag
Caveats
  • Supply blocks, unpowered buildings, or Contaminate may cause inaccurate times.
  • Supply counts are checked every 10 seconds.